 Dungeon Crawl Stone Soup version 0.30-a0-218-gedb9141 (webtiles) character file.

Game seed: 1186314044309585994

205830 Lauza27 the Hoplite (level 18, -2/173 HPs)
             Began as a Minotaur Berserker on July 25, 2022.
             Was a High Priest of Trog.
             Succumbed to a wolf spider's poison
             ... on level 4 of the Spider Nest on Oct 5, 2022.
             The game lasted 02:24:54 (36386 turns).

Lauza27 the Hoplite (Minotaur Berserker)           Turns: 36386, Time: 02:24:54

Health: -2/173     AC: 29    Str: 22 (23) XL:     18   Next: 42%
Magic:  8/8        EV: 11    Int: 12      God:    Trog [*****.]
Gold:   3638       SH: 30    Dex: 18      Spells: 17/17 levels left

rFire   + . .      SeeInvis .    U - +6 flail (antimagic)
rCold   + . .      Faith    .    k - +1 tower shield "Ezacom" {rElec rPois Stlth-}
rNeg    . . .      Spirit   .    Q - +1 plate armour
rPois   +          Reflect  +    (helmet restricted)
rElec   +          Harm     .    n - +2 cloak
rCorr   .          Rampage  .    r - +1 pair of gloves
Will    +....                    R - +2 pair of boots
Stlth   ..........               v - amulet of reflection
HPRegen 0.48/turn                t - ring of protection from fire
MPRegen 0.11/turn                j - ring of the Rabble {rC+ MP+9 Int+5}

@: lethally poisoned (-2 -> -23)
A: horns 2, retaliatory headbutt, agile 1, clever 1, deterioration 1, screaming
1
a: Renounce Religion, Berserk, Trog's Hand, Brothers in Arms


You were on level 4 of the Spider Nest.
You worshipped Trog.
Trog was extremely pleased with you.
You visited 6 branches of the dungeon, and saw 30 of its levels.
You also visited: Bailey.

You collected 3638 gold pieces.

Inventory:

Hand Weapons
 h - a +3 bardiche of flaming
 w - a +4 quarterstaff of chaos
 B - a +2 morningstar of flaming
 C - a +5 morningstar of flaming
 S - a +0 demon trident of venom
 U - a +6 antimagic flail (weapon)
 Z - the +3 mace "Devoggac" {vorpal, Fly}
   (Trog gifted it to you on level 3 of the Spider Nest)

   It inflicts extra damage upon your enemies.
   Fly:       It grants you flight.
Armour
 k - the +1 tower shield "Ezacom" (worn) {rElec rPois Stlth-}
   (You took it off Louise on level 1 of the Shoals)

   rElec:     It insulates you from electricity.
   rPois:     It protects you from poison.
   Stlth:     It makes you less stealthy.
 n - a +2 cloak (worn)
 r - a +1 pair of gloves (worn)
 O - a +2 hat
 Q - a +1 plate armour (worn)
 R - a +2 pair of boots (worn)
Jewellery
 j - the ring of the Rabble (right hand) {rC+ MP+9 Int+5}
   (You found it on level 3 of the Lair of Beasts)

   [ring of magical power]

   Int:       It affects your intelligence (+5).
   rC:        It protects you from cold.
   MP:        It affects your magic capacity (+9).
 l - a ring of willpower
 o - a ring of see invisible
 p - an amulet of faith
 q - a ring of flight
 t - a ring of protection from fire (left hand)
 v - an amulet of reflection (around neck)
 y - a +4 ring of protection
 z - a ring of willpower
 M - a +4 ring of evasion
 W - a ring of resist corrosion
Wands
 b - a wand of paralysis (24)
 s - a wand of iceblast (26)
 u - a wand of light (23)
 A - a wand of digging (8)
 G - a wand of polymorph (26)
 N - a wand of flame (40)
 V - a wand of mindburst (11)
Scrolls
 a - 2 scrolls of blinking
 e - 2 scrolls of enchant weapon
 f - 7 scrolls of teleportation
 D - 13 scrolls of identify
 F - 2 scrolls of brand weapon
 H - 3 scrolls of butterflies
 I - 3 scrolls of magic mapping
 J - a scroll of silence
 L - a scroll of enchant armour
 X - 6 scrolls of fear
Potions
 c - 4 potions of ambrosia
 d - 2 potions of mutation
 g - 3 potions of heal wounds
 i - 14 potions of curing
 m - 5 potions of magic
 x - 4 potions of flight
 E - 3 potions of invisibility
 K - 4 potions of haste
 P - a potion of cancellation
 T - 9 potions of attraction
 Y - a potion of might


   Skills:
 + Level 18.7 Fighting
 - Level 16.0(16.1) Maces & Flails
 + Level 4.2(4.6) Polearms
 + Level 2.6(11.1) Staves
 + Level 18.2 Armour
 + Level 7.8 Dodging
 + Level 3.2 Stealth
 + Level 23.6 Shields


You had 17 spell levels left.
You didn't know any spells.
Your spell library was empty.

Dungeon Overview and Level Annotations

Branches:
Dungeon (15/15)            Temple (0/1) D:5            Lair (5/5) D:10
 Shoals (3/4) Lair:3       Spider (4/4) Lair:3        Slime (1/5) Lair:4
    Orc (2/2) D:9             Elf (0/3) Orc:2        Vaults (0/5) D:14
 Depths (0/4) D:15         Bailey (visited)

Altars:
Ashenzari
Cheibriados
Dithmenos
Kikubaaqudgha
Trog
Jiyva

Shops:
D:6 (   Orc:2 (!!(   Shoals:2 ?

Annotations:
D:11 exclusion: ice statue
Spider:3 Mara


Innate Abilities, Weirdness & Mutations

You have a pair of horns on your head.
You reflexively headbutt those who attack you in melee.
You are agile. (Dex +4, Str/Int -1)
Your mind is acute. (Int +4, Str/Dex -1)
Your body sometimes deteriorates upon taking damage.
You occasionally shout uncontrollably at your foes.


Message History

* * * LOW HITPOINT WARNING * * *
The tarantella touches you but does no damage.
The tarantella touches you!
* * * LOW HITPOINT WARNING * * *
The jumping spider barely misses you.
The jumping spider bites you but does no damage.
The wolf spider hits you!
* * * LOW HITPOINT WARNING * * *
The wolf spider bites you.
* * * LOW HITPOINT WARNING * * *
You are lethally poisoned!
The wolf spider poisons you!
Okay, then.
Your magical effects are unravelling.
You feel magically purged.
You flicker back into view.
You feel less confused.
* * * LOW HITPOINT WARNING * * *
You feel extremely sick.
The jumping spider's many legs skitter faintly.
The tarantella touches you but does no damage.
The jumping spider pounces on you but does no damage.
The jumping spider bites you.
* * * LOW HITPOINT WARNING * * *
The tarantella touches you but does no damage.
The broodmother bites you.
* * * LOW HITPOINT WARNING * * *
The tarantella touches you but does no damage.
The jumping spider pounces on you but does no damage.
The jumping spider bites you but does no damage.
The jumping spider leaps!
As you read the scroll of fear, it crumbles to dust.
You assume a fearsome visage.
The tarantella looks frightened!
The jumping spider looks frightened!
The wolf spider looks frightened!
The jumping spider looks frightened! x3; The redback looks frightened!
The tarantella looks frightened! x2; The broodmother looks frightened! x2
* * * LOW HITPOINT WARNING * * *
You feel extremely sick.
The jumping spider leaps! x5
The web tears apart.
You die...

##.#...#.............^#†
###..#.....#.#........#...
#...........^........^....
#..............^..^.#.....
###.....##...#............
##...s...^#s......#.....#
#.#....s#.......^........
#.^..<........#.#........
#..#..s^@○...........#.#.
##.....#.....#.........#.
##...<.s°s........#^....
#..........s.....###.^.# ##
##^..........^....#.##..
#.####..s......#....^^.##..
^~.#.........^#..#^.####.#
. #^....^............# ###
.. #^[......###.....### #.


You could see 2 broodmothers, a wolf spider (summoned, fleeing), a jumping
spider (summoned, fleeing), 3 tarantellas and a redback (summoned, fleeing).

Vanquished Creatures
  Arachne (Spider:2)
  Rupert (D:12)
  An acid blob (Slime:1)
  3 entropy weavers (Spider:3)
  Frances (D:14)
  2 emperor scorpions
  Louise (Shoals:1)
  A ghost moth (Spider:4)
  5 broodmothers
  A dire elephant (D:15)
  2 spark wasps (Spider:3)
  2 merfolk javelineers
  Josephine (Orc:1)
  An ettin (D:13)
  10 hydras
  10 boulder beetles
  An ice dragon (D:14)
  2 catoblepae
  A vault guard (D:14)
  8 centaur warriors
  2 ogre magi (D:15)
  14 two-headed ogres
  A death knight (D:13)
  2 tengu warriors
  4 orc high priests
  A satyr (Shoals:3)
  Urug (D:10)
  4 death yaks (Lair:5)
  The ghost of Toastz the Slicer, a journeyman VSEn of Uskayaw (D:10)
  Sonja (Orc:1)
  8 skeletal warriors
  Nergalle (Lair:3)
  A shadow wraith (D:14)
  6 pharaoh ants
  10 steelbarb worms
  Lodul (D:13)
  A deep troll (D:14)
  7 orb spiders
  10 sea snakes
  A sun moth (Spider:3)
  7 harpies
  A wizard (D:9)
  A lindwurm (Lair:5)
  7 orc knights
  6 fauns
  8 deep elf pyromancers
  5 orc sorcerers
  14 wolf spiders
  14 manticores
  13 ugly things
  2 merfolk sirens
  5 moths of wrath
  7 cyclopes
  21 elephants
  6 black mambas
  A water nymph (Shoals:3)
  2 gargoyles (D:12)
  5 torpor snails
  8 cane toads
  2 efreet
  Maggie (D:8)
  6 rime drakes
  6 demonic crawlers
  2 yaktaurs
  2 freezing wraiths (D:13)
  2 tengu conjurers
  A kobold demonologist (D:13)
  11 komodo dragons
  A queen bee (Spider:1)
  5 wind drakes
  8 trolls
  10 meliai
  Grinder (D:3)
  9 merfolk
  6 polar bears
  8 hornets
  25 tarantellas
  8 blink frogs
  13 slime creatures
  5 snapping turtles
  A dream sheep (shapeshifter) (D:13)
  Sigmund (D:2)
  7 dream sheep
  26 culicivoras
  3 water elementals
  26 jumping spiders
  3 shadows (D:11)
  A vampire (D:12)
  26 yaks
  13 spriggans
  4 wyverns
  11 wraiths
  9 basilisks
  3 steam dragons
  50 redbacks
  18 vampire mosquitoes
  4 wargs
  4 acid dragons
  17 water moccasins
  A warg (shapeshifter) (D:13)
  A meliai simulacrum (D:15)
  8 black bears
  29 orc warriors
  An ice beast (D:7)
  12 ogres
  4 boggarts (Lair:5)
  34 wolves
  6 centaurs
  13 bullfrogs
  A kobold brigand (D:11)
  2 gnoll sergeants
  5 scorpions
  2 necrophages
  35 killer bees
  An electric eel (Spider:1)
  A howler monkey (D:9)
  A crimson imp (D:12)
  3 hounds (D:6)
  12 orc priests
  Crazy Yiuf (D:5)
  2 gnoll boudas (D:6)
  An iguana (D:6)
  24 orc wizards
  17 gnolls
  9 adders
  A shadow imp (D:8)
  A white imp (D:12)
  A dart slug (D:5)
  63 orcs
  7 ball pythons
  4 endoplasms
  3 giant cockroaches
  15 goblins
  14 hobgoblins
  5 jackals (D:1)
  7 kobolds
  A quokka (D:5)
  7 bats
  2 frilled lizards
  5 rats
986 creatures vanquished.

Vanquished Creatures (collateral kills)
  An orb spider (Spider:1)
  A harpy (Shoals:3)
  2 fauns (Shoals:3)
  A wolf spider (Spider:1)
  A torpor snail (Spider:1)
  A demonic crawler (Spider:1)
  A tarantella (Spider:1)
  A jumping spider (Spider:1)
  A water elemental (Shoals:3)
  A black bear (Lair:5)
  A boggart (Lair:5)
12 creatures vanquished.

Vanquished Creatures (others)
  Nessos (D:15)
  A minotaur (D:1)
  A demonspawn (D:1)
  5 harpies (Shoals:3)
  An octopode (D:1)
  A gargoyle (D:1)
  An unseen horror (D:11)
  A merfolk (D:1)
  2 humans (D:1)
  A vampire mosquito (D:14)
  A redback (Spider:4)
  A demigod (D:1)
  A naga (D:1)
  A dwarf (D:1)
  A mummy (D:1)
  2 orcs
  21 fungi
  118 plants
  12 tentacles
173 creatures vanquished.

Grand Total: 1171 creatures vanquished

Notes
Turn   | Place    | Note
-------+----------+-------------------------------------------
     0 | D:1      | Lauza27 the Minotaur Berserker began the quest for the Orb.
     0 | D:1      | Reached XP level 1. HP: 19/19 MP: 0/0
     0 | D:1      | Noticed a demigod
     0 | D:1      | Noticed a demonspawn
     0 | D:1      | Noticed a human
     0 | D:1      | Noticed a gargoyle
     0 | D:1      | Noticed a kraken
     0 | D:1      | Noticed a minotaur
     0 | D:1      | Noticed a human
     0 | D:1      | Noticed a naga
     0 | D:1      | Noticed an octopode
     0 | D:1      | Noticed a dwarf
     0 | D:1      | Noticed a merfolk
     3 | D:1      | Killed a human
     6 | D:1      | Killed a gargoyle
     7 | D:1      | Killed a demigod
     8 | D:1      | Killed a naga
     8 | D:1      | Killed a merfolk
     9 | D:1      | Killed a dwarf
    10 | D:1      | Killed a demonspawn
    11 | D:1      | Killed an octopode
    12 | D:1      | Killed a human
    15 | D:1      | Killed a minotaur
    92 | D:1      | Found a faded altar of an unknown god.
   107 | D:1      | Reached XP level 2. HP: 26/27 MP: 1/1
   743 | D:1      | Reached ** piety under Trog
   898 | D:1      | Reached XP level 3. HP: 24/33 MP: 2/2
  1122 | D:1      | Upgraded the game from 0.29-a0-878-g7b45a56 to
                  | 0.29-a0-1006-g0dd7720
  1350 | D:2      | Found a snail-covered altar of Cheibriados.
  1894 | D:2      | Noticed Sigmund
  2208 | D:3      | Noticed Grinder
  2318 | D:3      | Reached skill level 5 in Maces & Flails
  2318 | D:3      | Reached XP level 4. HP: 40/41 MP: 3/3
  3046 | D:4      | Noticed a scorpion
  3058 | D:4      | Killed a scorpion
  3059 | D:4      | Reached XP level 5. HP: 35/47 MP: 4/4
  3246 | D:4      | Found a bloodstained altar of Trog.
  3857 | D:3      | Killed Grinder
  3858 | D:3      | Reached skill level 5 in Fighting
  3858 | D:3      | Reached XP level 6. HP: 47/56 MP: 5/5
  4019 | D:2      | Killed Sigmund
  4020 | D:2      | Reached skill level 5 in Armour
  4020 | D:2      | Reached XP level 7. HP: 57/61 MP: 6/6
  4314 | D:5      | Entered Level 5 of the Dungeon
  4365 | D:5      | Found a staircase to the Ecumenical Temple.
  4474 | D:5      | Found a runed translucent door.
  4475 | D:5      | Noticed Crazy Yiuf
  4481 | D:5      | Killed Crazy Yiuf
  4893 | D:5      | Found a snail-covered altar of Cheibriados.
  5014 | D:5      | Gained mutation: Your body sometimes deteriorates upon
                  | taking damage. [potion of mutation]
  5014 | D:5      | Lost mutation: Your body sometimes deteriorates upon taking
                  | damage. [potion of mutation]
  5014 | D:5      | Gained mutation: Your natural rate of healing is unusually
                  | fast. [potion of mutation]
  5087 | D:6      | Reached XP level 8. HP: 65/70 MP: 7/7
  5212 | D:6      | Reached *** piety under Trog
  5295 | D:6      | Found Agrail's Firing Range.
  5709 | D:6      | Reached skill level 10 in Maces & Flails
  6395 | D:7      | Reached XP level 9. HP: 71/79 MP: 8/8
  6812 | D:8      | Reached skill level 1 in Stealth
  6812 | D:8      | Reached skill level 1 in Shields
  7036 | D:8      | Noticed Maggie
  7053 | D:8      | Killed Maggie
  7068 | D:8      | Found a flagged portal.
  7093 | Bailey   | Entered a bailey
  7124 | Bailey   | Noticed an orc knight
  7142 | Bailey   | Killed an orc knight
  7143 | Bailey   | Reached skill level 2 in Shields
  7148 | Bailey   | Reached **** piety under Trog
  7315 | Bailey   | Reached XP level 10. HP: 70/89 MP: 9/9
  7382 | Bailey   | Reached skill level 3 in Shields
  7503 | Bailey   | Noticed an orc warlord
  7571 | D:8      | Found an ancient bone altar of Kikubaaqudgha.
  8008 | D:8      | Upgraded the game from 0.29-a0-1006-g0dd7720 to
                  | 0.29-a0-1016-g236c7fd
  8246 | D:9      | Noticed a two-headed ogre
  8249 | D:9      | Noticed a two-headed ogre
  8257 | D:9      | Killed a two-headed ogre
  8258 | D:9      | Reached skill level 10 in Armour
  8405 | D:9      | Killed a two-headed ogre
  8445 | D:9      | Noticed a centaur warrior
  8468 | D:9      | Killed a centaur warrior
  8636 | D:9      | Reached XP level 11. HP: 97/97 MP: 10/10
  8679 | D:9      | Noticed an orc sorcerer
  8680 | D:9      | Noticed an orc knight
  8729 | D:9      | Killed an orc sorcerer
  8761 | D:9      | Killed an orc knight
  8762 | D:9      | Reached skill level 5 in Dodging
  8762 | D:9      | Reached skill level 4 in Shields
  8773 | D:9      | Noticed a deep elf pyromancer
  8793 | D:9      | Killed a deep elf pyromancer
  8828 | D:9      | Reached skill level 10 in Fighting
  9048 | D:9      | Found a staircase to the Orcish Mines.
  9229 | D:9      | Noticed a wizard
  9241 | D:9      | Killed a wizard
  9323 | D:9      | Reached ***** piety under Trog
  9706 | Orc:1    | Entered Level 1 of the Orcish Mines
 10001 | Orc:2    | Entered Level 2 of the Orcish Mines
 10021 | Orc:1    | Noticed Sonja
 10150 | Orc:1    | Killed Sonja
 10151 | Orc:1    | Reached skill level 5 in Shields
 10379 | Orc:2    | Noticed Josephine
 10444 | D:10     | Entered Level 10 of the Dungeon
 10445 | D:10     | Found a broken altar of Ashenzari.
 10616 | D:10     | Reached skill level 6 in Shields
 10717 | D:10     | Found a runed translucent door.
 10719 | D:10     | Noticed Toastz's ghost (journeyman VSEn)
 10719 | D:10     | Identified the +5 spear "Dragon's Tongue" {vorpal, *Noise
                  | rCorr Dex+6 Stlth+}
 10758 | D:10     | Found a staircase to the Lair.
 10880 | D:10     | Reached XP level 12. HP: 84/110 MP: 11/11
 10991 | D:10     | Noticed Urug
 11010 | D:10     | Killed Urug
 11011 | D:10     | Reached skill level 7 in Shields
 11416 | D:10     | Noticed a two-headed ogre
 11425 | D:10     | Killed a two-headed ogre
 11542 | D:10     | Killed Toastz's ghost
 11546 | D:10     | Reached skill level 8 in Shields
 11625 | Lair:1   | Entered Level 1 of the Lair of Beasts
 11776 | Lair:1   | Noticed a boulder beetle
 11821 | Lair:1   | Reached skill level 9 in Shields
 12154 | D:10     | Reached skill level 10 in Shields
 12157 | D:10     | Received a gift from Trog
 12198 | Lair:1   | Killed a boulder beetle
 12400 | Lair:1   | Found a frozen archway.
 12683 | Lair:2   | Noticed a four-headed hydra
 12693 | Lair:2   | Killed a four-headed hydra
 12694 | Lair:2   | Reached skill level 15 in Maces & Flails
 12817 | D:9      | Reached skill level 11 in Shields
 12891 | Orc:1    | Killed Josephine
 13066 | Orc:2    | Reached XP level 13. HP: 119/119 MP: 4/12
 13470 | Orc:2    | Reached ****** piety under Trog
 13701 | Orc:2    | Found a staircase to the Elven Halls.
 13870 | Orc:2    | Received a gift from Trog
 13950 | Orc:2    | Paralysed by an orc sorcerer for 4 turns
 13992 | Orc:2    | Reached skill level 12 in Shields
 14145 | Orc:2    | Gained mutation: You are dopey. (Int -2) [a neqoxec]
 14146 | Orc:2    | Lost intelligence.
 14683 | Orc:2    | Found Momm's Antique Weapon Boutique.
 14683 | Orc:2    | Found Golitei's Distillery.
 14685 | Orc:2    | Found Raollops's Distillery.
 14685 | Orc:2    | Found Loitsoesa's Weapon Emporium.
 15294 | Lair:2   | Reached skill level 13 in Shields
 15916 | Lair:2   | Reached XP level 14. HP: 129/129 MP: 4/13
 16198 | Lair:2   | Reached skill level 14 in Shields
 16499 | Lair:3   | Identified the ring of the Rabble {rC+ MP+9 Int+5}
 16584 | Lair:3   | Found a hole to the Spider Nest.
 16584 | Lair:3   | Noticed Nergalle
 16621 | Lair:3   | Killed Nergalle
 16791 | Lair:3   | Identified the +2 quarterstaff "Gizeum" {pain, *Slow rElec
                  | Int+8}
 16889 | Lair:3   | Found a staircase to the Shoals.
 18038 | Lair:4   | Found a dark tunnel.
 18061 | Lair:4   | Reached XP level 15. HP: 126/136 MP: 7/14
 18099 | Lair:4   | Found a staircase to the Slime Pits.
 18099 | Lair:4   | Found a viscous altar of Jiyva.
 18270 | Lair:4   | Lost mutation: You are dopey. (Int -2) [potion of mutation]
 18270 | Lair:4   | Lost mutation: Your natural rate of healing is unusually
                  | fast. [potion of mutation]
 18270 | Lair:4   | Gained mutation: Your natural rate of healing is unusually
                  | fast. [potion of mutation]
 18607 | Lair:4   | Received a gift from Trog
 18612 | Lair:4   | Reached skill level 15 in Shields
 18732 | Lair:5   | Entered Level 5 of the Lair of Beasts
 18892 | Lair:5   | Reached skill level 15 in Armour
 19332 | Lair:5   | Paralysed by a hornet for 3 turns
 19702 | Lair:5   | Identified the +3 leather armour of Idaim {rF+ Regen+
                  | Int-2}
 19788 | Lair:5   | Reached skill level 16 in Shields
 19800 | Lair:5   | Received a gift from Trog
 20323 | Slime:1  | Entered Level 1 of the Pits of Slime
 20323 | Slime:1  | Noticed an acid blob
 20341 | Slime:1  | Killed an acid blob
 21615 | D:12     | Noticed Rupert
 21639 | D:12     | Killed Rupert
 21654 | D:12     | Reached skill level 17 in Shields
 21831 | D:12     | Identified the +2 great mace of Virghub {vorpal, rC+ Str+2
                  | Dex+4 Stlth+} (Trog gifted it to you on level 12 of the
                  | Dungeon)
 21831 | D:12     | Received a gift from Trog
 22068 | D:12     | Reached skill level 15 in Fighting
 22358 | D:13     | Noticed Lodul
 22401 | D:13     | Killed Lodul
 22668 | D:13     | Reached XP level 16. HP: 134/149 MP: 8/15
 22944 | D:13     | Reached skill level 18 in Shields
 23004 | D:13     | Received a gift from Trog
 23398 | D:13     | Identified the +5 mace of Accord {speed, rCorr Dex+4}
 24045 | D:14     | Noticed Frances
 24055 | D:14     | Killed Frances
 24126 | D:14     | Found a gate to the Vaults.
 24199 | D:14     | Reached skill level 19 in Shields
 24334 | D:14     | Found a shadowy altar of Dithmenos.
 25050 | D:15     | Entered Level 15 of the Dungeon
 25087 | D:15     | Received a gift from Trog
 25364 | D:15     | Found a staircase to the Depths.
 25680 | D:15     | Noticed Nessos
 25686 | D:15     | Killed Nessos
 26747 | D:15     | Upgraded the game from 0.29-a0-1016-g236c7fd to
                  | 0.30-a0-210-g01b79a2
 27006 | Shoals:1 | Entered Level 1 of the Shoals
 27009 | Shoals:1 | Identified the +1 tower shield "Ezacom" {rElec rPois
                  | Stlth-}
 27009 | Shoals:1 | Noticed Louise
 27021 | Lair:3   | Reached skill level 20 in Shields
 27176 | Shoals:1 | Killed Louise
 27177 | Shoals:1 | Reached XP level 17. HP: 161/161 MP: 0/16
 28078 | Shoals:2 | Found Cakhlav's Magic Scroll Boutique.
 28289 | Shoals:2 | Received a gift from Trog
 28969 | Shoals:3 | Noticed a kraken
 29107 | Spider:1 | Entered Level 1 of the Spider Nest
 29125 | Spider:1 | Reached skill level 21 in Shields
 29682 | Spider:1 | Received a gift from Trog
 30240 | Spider:1 | Upgraded the game from 0.30-a0-210-g01b79a2 to
                  | 0.30-a0-218-gedb9141
 30720 | Spider:2 | Noticed Arachne
 30747 | Spider:2 | Killed Arachne
 31256 | Spider:2 | Reached skill level 22 in Shields
 31413 | Spider:2 | Lost mutation: Your natural rate of healing is unusually
                  | fast. [potion of mutation]
 31413 | Spider:2 | Gained mutation: You are weak. (Str -2) [potion of
                  | mutation]
 31413 | Spider:2 | Gained mutation: Potions are less effective at restoring
                  | your health. [potion of mutation]
 31413 | Spider:2 | Gained mutation: You have a pair of large horns on your
                  | head. [potion of mutation]
 31414 | Spider:2 | Lost mutation: You have a pair of large horns on your head.
                  | [potion of mutation]
 31414 | Spider:2 | Lost mutation: Potions are less effective at restoring your
                  | health. [potion of mutation]
 31414 | Spider:2 | Lost mutation: You are weak. (Str -2) [potion of mutation]
 31414 | Spider:2 | Gained mutation: You occasionally shout uncontrollably at
                  | your foes. [potion of mutation]
 31414 | Spider:2 | Gained mutation: Your mind is acute. (Int +4, Str/Dex -1)
                  | [potion of mutation]
 31414 | Spider:2 | Gained mutation: Your body sometimes deteriorates upon
                  | taking damage. [potion of mutation]
 31414 | Spider:2 | Gained mutation: You are agile. (Dex +4, Str/Int -1)
                  | [potion of mutation]
 31922 | Spider:3 | Received a gift from Trog
 32547 | Spider:3 | Noticed an entropy weaver
 32561 | Spider:3 | Killed an entropy weaver
 32739 | Spider:3 | Reached XP level 18. HP: 64/172 MP: 8/17
 33281 | Spider:3 | Identified the +3 mace "Devoggac" {vorpal, Fly} (Trog
                  | gifted it to you on level 3 of the Spider Nest)
 33281 | Spider:3 | Received a gift from Trog
 33683 | Spider:4 | Entered Level 4 of the Spider Nest
 34111 | Spider:4 | Reached skill level 23 in Shields
 35980 | Spider:4 | Noticed Mara
 35982 | Spider:4 | Noticed Lauza27's illusion
 36035 | Spider:3 | Noticed Lauza27's illusion
 36187 | Spider:4 | Received a gift from Trog
 36385 | Spider:4 | HP: 3/173 [poisoned by a wolf spider]
 36386 | Spider:4 | Succumbed to a wolf spider's poison

Illustrated notes

Levels and vault maps discovered:
D:1:      nicolae_arrival_kraken_aquarium_a, layout_rooms,
          hellmonk_ecumenical_altar_crossroads, serial_bayou_pond_c,
          minmay_surrounded
D:2:      layout_basic, basic_altar, uniq_sigmund
D:3:      layout_loops_ring, uniq_grinder
D:4:      layout_loops_ring, trog_antimagical
D:5:      layout_rooms, kennysheep_slug_shrine, minmay_temple_entry_mist,
          kennysheep_small_square, uniq_crazy_yiuf_cottage
D:6:      layout_cave_pods, nicolae_shop_firing_range
D:7:      layout_basic
D:8:      layout_loops_ring, lemuel_doored_altar, enter_bailey_5, uniq_maggie
D:9:      minmay_the_grid_3x2 [minmay_the_grid_fan, minmay_the_grid_dragon_a,
          minmay_the_grid_x, minmay_the_grid_armoury,
          minmay_the_grid_medium_cups, minmay_the_grid_prize_inner_circle],
          layout_basic
D:10:     layout_cave_pods, cheibrodos_ashenzari_chains,
          minmay_lair_entry_grove, ebering_ghost_funeral_grove,
          grunt_ministairs_1, uniq_urug
D:11:     cheibrodos_frozen_isle, layout_basic, minmay_alternating_orb
D:12:     layout_roguey, minmay_fire_ice_demons, uniq_rupert
D:13:     nzn_winding_woodlands_large [nzn_winding_woodlands_5x5_default,
          nzn_winding_woodlands_5x15_concentric,
          nzn_winding_woodlands_5x5_perimeter,
          nzn_winding_woodlands_center_triple_pond,
          nzn_winding_woodlands_15x15_five_gardens,
          nzn_winding_woodlands_center_pierced_h,
          nzn_winding_woodlands_5x5_closed_star,
          nzn_winding_woodlands_5x15_default,
          nzn_winding_woodlands_5x5_open_star], layout_small_grid, uniq_lodul
D:14:     layout_basic, david_vaults_4, nicolae_dithmenos_shadow_blocks,
          uniq_frances
D:15:     hangedman_depths_entry_try_elsewhere_first, layout_layer_cave,
          hangedman_decor_push, grunt_ministairs_9, uniq_nessos
Lair:1:   layout_regular_city, portal_ice_cave_entry_pillars_2,
          serial_bayou_shore_a
Lair:2:   layout_hall_layers, guppyfry_lair_drakes, lemuel_fruit_tree
Lair:3:   layout_big_grid, minmay_shoals_entry_beasts, dummy_spider_entry,
          grunt_megastairs_4, uniq_nergalle
Lair:4:   layout_cave_pods, slime_entry_1, nicolae_volcano_entry_lava_flow,
          serial_bayou_ford_a
Lair:5:   minmay_lair_end_enchanted_forest, layout_loops_ring
Shoals:1: layout_shoals, nicolae_shoals_so_close, uniq_louise
Shoals:2: layout_shoals, serial_shops, nicolae_shop_advertising_works
          [nicolae_subvault_shop_adworks]
Shoals:3: layout_shoals
Spider:1: layout_spider_delve, nicolae_looking_at_the_future
Spider:2: layout_chambers, hangedman_spider_tarantella_strand, uniq_arachne
Spider:3: layout_chambers, nicolae_spider_orb_run
Spider:4: hellmonk_spider_rune_endless_swarm, uniq_mara
Slime:1:  layout_caves
Orc:1:    layout_diamond_mine, basic_altar, uniq_sonja
Orc:2:    grunt_orc_tribal_feast, layout_caves, uniq_josephine

Skill      XL: |  1  2  3  4  5  6  7  8  9 10 11 12 13 14 15 16 17 18 |
---------------+-------------------------------------------------------+-----
Maces & Flails | 4 5 6 7 8 10 11 13 14 15 16 | 16.0
Fighting       | 4 5 6 7 8 9 11 12 13 15 17 18 | 18.7
Armour         | 3 4 5 6 7 9 11 12 13 14 16 17 18 | 18.2
Dodging        | 3 4 5 6 7 |  7.8
Stealth        | 1 2 3 |  3.2
Shields        | 2 3 6 11 13 14 17 20 22 23 | 23.6
Polearms       | 4 |  4.2
Staves         | 2 |  2.6

Action                   |  1- 3 |  4- 6 |  7- 9 | 10-12 | 13-15 | 16-18 || total
-------------------------+-------+-------+-------+-------+-------+-------++-------
Melee: Mace              |   104 |    65 |    30 |       |       |       ||   199
       Headbutt          |     7 |     8 |    56 |   186 |   358 |   637 ||  1252
       Punch             |     2 |       |     1 |     6 |       |       ||     9
       Flail             |       |       |   263 |   858 |  1272 |  2233 ||  4626
Invok: Berserk           |     1 |       |     3 |     5 |     2 |     3 ||    14
       Trog's Hand       |       |     2 |     1 |     4 |     4 |     6 ||    17
       Brothers in Arms  |       |       |       |       |     1 |     2 ||     3
  Use: Scroll            |     7 |     6 |     8 |     5 |     8 |     7 ||    41
       Potion            |       |     1 |     3 |     3 |     5 |    20 ||    32
 Stab: Invisible         |       |       |     3 |     1 |       |       ||     4
       Distracted        |       |       |       |       |       |     1 ||     1
Armor: Animal skin       |    16 |       |       |       |       |       ||    16
       Scale mail        |    14 |       |       |       |       |       ||    14
       Chain mail        |     8 |    23 |   206 |   198 |       |       ||   435
       Plate armour      |       |       |       |   387 |   722 |   990 ||  2099
Dodge: Dodged            |    61 |    26 |   169 |   317 |   448 |   590 ||  1611
Block: Other             |       |       |    47 |    47 |       |       ||    94
       Reflection        |       |       |     3 |    12 |    22 |    62 ||    99
       Kite shield       |       |       |       |   635 |       |       ||   635
       Buckler           |       |       |       |    35 |   988 |   503 ||  1526
       Tower shield      |       |       |       |       |       |  2141 ||  2141

Table legend: (Time is in decaauts)
 A = Elapsed time spent in this place.
 B = Non-inter-level travel time spent in this place.
 C = Inter-level travel time spent in this place.
 D = Time resting spent in this place.
 E = Time spent auto-exploring this place.
 F = Levels seen in this place.
 G = Mean time per level.
                   A        B        C        D        E       F      G
               +--------+--------+--------+--------+--------+-----+--------+
         Total |  36013 |  34220 |   1793 |   8455 |  16006 |  31 | 1161.7 |
       Dungeon |  17047 |  16189 |    858 |   3045 |   9174 |  15 | 1136.5 |
          Lair |   6522 |   5903 |    619 |   1019 |   2926 |   5 | 1304.4 |
        Shoals |   2021 |   1966 |     55 |    404 |    881 |   3 |  673.7 |
   Spider Nest |   7058 |   7001 |     57 |   2671 |   2254 |   4 | 1764.5 |
    Slime Pits |     24 |     24 |      0 |      0 |      0 |   1 |   24.0 |
  Orcish Mines |   2923 |   2720 |    203 |   1138 |    707 |   2 | 1461.5 |
        Bailey |    415 |    415 |      0 |    177 |     63 |   1 |  415.0 |
               +--------+--------+--------+--------+--------+-----+--------+

Top non-repeatable levels by time:
Spider:3: 2869 daAuts
     D:9: 1844 daAuts
    D:15: 1687 daAuts
Spider:4: 1536 daAuts
Spider:2: 1533 daAuts
   Orc:1: 1524 daAuts
  Lair:5: 1477 daAuts
    D:10: 1451 daAuts
  Lair:2: 1436 daAuts
   Orc:2: 1399 daAuts
    D:13: 1386 daAuts
    D:14: 1295 daAuts
  Lair:3: 1285 daAuts
     D:4: 1213 daAuts
     D:6: 1180 daAuts
